 Dungeon Crawl Stone Soup version 0.30-a0-779-g7971cf19c3 (webtiles) character file.

Game seed: 12058052390077666633

51 theswoord the Shooter (level 3, -2/32 HPs)
             Began as a Naga Hunter on Feb 17, 2023.
             Slain by Terence
             ... wielding a +1 heavy mace
              (10 damage)
             ... on level 3 of the Dungeon.
             The game lasted 00:01:59 (1396 turns).

theswoord the Shooter (Naga Hunter)                 Turns: 1396, Time: 00:02:00

Health: -2/32      AC:  6    Str: 14 (15) XL:     3   Next: 83%
Magic:  3/3        EV:  9    Int:  8 (9)  God:
Gold:   115        SH:  0    Dex: 11 (14) Spells: 2/2 levels left

rFire   . . .      SeeInvis +    a - +0 shortbow
rCold   . . .      Faith    .    (shield currently unavailable)
rNeg    . . .      Spirit   .    c - +1 leather armour
rPois   +          Reflect  .    h - +2 helmet
rElec   .          Harm     .    (no cloak)
rCorr   .          Rampage  .    (no gloves)
Will    .....                    (no barding)
Stlth   +                        (no amulet)
HPRegen 0.25/turn                (no ring)
MPRegen 0.08/turn                (no ring)

@: very slow
A: AC +1, large, see invisible, deformed body, poison resistance, slowness 2,
spit poison 1, naga tail 1
a: Spit Poison


You were on level 3 of the Dungeon.
You visited 1 branch of the dungeon, and saw 3 of its levels.

You collected 115 gold pieces.

Inventory:

Hand Weapons
 a - a +0 shortbow (weapon)
Armour
 c - a +1 leather armour (worn)
 h - a +2 helmet (worn)
Wands
 j - a wand of charming (7)
Scrolls
 b - 2 scrolls of immolation
 e - 4 scrolls of identify
 f - a scroll of poison {unknown}
 i - a scroll of teleportation
Potions
 d - 2 potions of flight


   Skills:
 - Level 2.0 Fighting
 + Level 4.9 Ranged Weapons
 - Level 1.5 Dodging
 - Level 1.5 Stealth


You had 2 spell levels left.
You didn't know any spells.
Your spell library was empty.

Dungeon Overview and Level Annotations

Branches:
Dungeon (3/15)

Altars:

Annotations:
D:3 3 runed translucent doors, Aldia's ghost, amateur FoFi; Terence


Innate Abilities, Weirdness & Mutations

Your serpentine skin is tough. (AC +1)
You have supernaturally acute eyesight. (SInv)
Armour fits poorly on your strangely shaped body.
Your system is resistant to poisons. (rPois)
You cover ground very slowly.
You can spit poison.
You have a snake-like lower body.


Message History

Found a ring of fire.
e - 3 scrolls of identify (gained 1)
Found an escape hatch in the floor.
Found a rapier.
Found a plate armour.
e - 4 scrolls of identify (gained 1)
Found a runed translucent gate.
Terence the Incautious comes into view.
He is wielding a +1 heavy mace.
Terence shouts!
Terence is nearby!
Terence is nearby!
You shoot an arrow.
The arrow hits Terence but does no damage.
You shoot an arrow. The arrow hits Terence.
You shoot an arrow.
The arrow hits Terence but does no damage.
An adder comes into view.
You shoot an arrow. The adder hisses angrily.
The arrow hits Terence.
You shoot an arrow. The arrow hits Terence.
Terence hits you with a +1 heavy mace!
Unknown command.
You shoot an arrow. The arrow hits Terence.
Terence closely misses you.
You shoot an arrow. The arrow completely misses Terence.
The arrow hits the adder.
Terence hits you with a +1 heavy mace.
* * * LOW HITPOINT WARNING * * *
You shoot an arrow.
The arrow hits Terence but does no damage.
Terence hits you with a +1 heavy mace!
* * * LOW HITPOINT WARNING * * *
You shoot an arrow.
The arrow hits Terence but does no damage.
It was a potion of degeneration.
There was something very wrong with that liquid.
You feel weakened.
You feel dopey.
You feel clumsy. Terence closely misses you.
You shoot an arrow. The arrow barely misses Terence.
Terence hits you with a +1 heavy mace!
You die...

.......
.......
....... ......
...$# S..
####@# #..@.#
##.#### #..#
#######.## ###
#.......# ....
#......##.....
#...).......[.
#......###+++#
#>....##....$.


You could see Terence and an adder.

Vanquished Creatures
  2 adders
  3 dart slugs
  4 endoplasms
  2 giant cockroaches (D:1)
  A goblin (D:2)
  2 hobgoblins
  2 kobolds
  2 quokkas (D:1)
  2 bats
  6 rats
26 creatures vanquished.

Notes
Turn   | Place    | Note
-------+----------+-------------------------------------------
     0 | D:1      | theswoord the Naga Hunter began the quest for the Orb.
     0 | D:1      | Reached XP level 1. HP: 19/19 MP: 1/1
   169 | D:1      | Reached skill level 4 in Ranged Weapons
   169 | D:1      | Reached XP level 2. HP: 26/26 MP: 2/2
   847 | D:2      | Reached XP level 3. HP: 24/32 MP: 3/3
  1084 | D:2      | Found a faded altar of an unknown god.
  1324 | D:3      | Identified the +2 buckler of Trumpets {rPois}
  1345 | D:3      | Noticed Aldia's ghost (amateur FoFi)
  1376 | D:3      | Found a runed translucent gate.
  1376 | D:3      | Found a runed translucent gate.
  1376 | D:3      | Found a runed translucent gate.
  1385 | D:3      | Noticed Terence
  1396 | D:3      | Slain by Terence

Skill      XL: |  1 |
---------------+----+-----
Ranged Weapons | 4 |  4.9
Fighting       | |  2.0
Dodging        | |  1.5
Stealth        | |  1.5

Action                     || total
---------------------------++-------
   Fire: Shortbow          ||    73
    Use: Scroll            ||     5
         Potion            ||     1
 Armour: Leather armour    ||    17
  Dodge: Dodged            ||    15

Levels and vault maps discovered:
D:1:      onia_arrival_mini_maze_b, layout_basic
D:2:      layout_loops_ring, hellmonk_ecumenical_altar_arch_garden,
          minmay_misc_feat_diagonals
D:3:      layout_rooms, old_standard_altar, gammafunk_ghost_icy, uniq_terence
